 Dungeon Crawl Stone Soup version 0.22.0-27-ga576289 (webtiles) character file.

21 Amnesiac the Magician (level 2, -3/19 HPs)
             Began as a Mummy Air Elementalist on Aug 21, 2018.
             Slain by a water moccasin skeleton (5 damage)
             ... on level 4 of the Dungeon.
             The game lasted 00:01:39 (474 turns).

Amnesiac the Magician (Mummy Air Elementalist)       Turns: 474, Time: 00:01:40

Health: -3/19      AC:  2    Str: 11    XL:     2   Next: 65%
Magic:  0/6        EV: 12    Int: 14    God:
Gold:   18         SH:  0    Dex: 12    Spells: 6/7 levels left

rFire    x . .     SeeInvis .   d - +0 short sword
rCold    + . .     Gourm    .   (no shield)
rNeg     + + +     Faith    .   a - +0 robe
rPois    ∞         Spirit   .   (no helmet)
rElec    .         Reflect  .   (no cloak)
rCorr    .         Harm     .   (no gloves)
MR       .....                  (no boots)
Stlth    ++........             (no amulet)
HPRegen  0.06/turn              (no ring)
MPRegen  0.10/turn              (no ring)

@: very slightly contaminated
A: no food or potions, fire vulnerability, cold resistance 1, negative energy
resistance 3, torment resistance, unbreathing
a: no special abilities


You were on level 4 of the Dungeon.
You were not hungry.

You visited 1 branch of the dungeon, and saw 4 of its levels.

You collected 18 gold pieces.

Inventory:

Hand Weapons
 d - a +0 short sword (weapon)
Armour
 a - a +0 robe (worn)
Scrolls
 b - 2 scrolls of identify {!r, unknown}
 c - a scroll of teleportation {!r, unknown}
 e - 2 scrolls of amnesia {!r, unknown}


   Skills:
 - Level 1.5 Dodging
 - Level 1.5 Stealth
 + Level 3.3 Spellcasting
 - Level 0.7 Conjurations
 - Level 3.0 Air Magic


You had 6 spell levels left.
You knew the following spells:

 Your Spells              Type           Power        Failure   Level  Hunger
a - Shock                 Conj/Air       #...         10%         1    N/A

Your spell library contained the following spells:

 Spells                   Type           Power        Failure   Level  Hunger
 Swiftness                Chrm/Air       #.......     17%         2    N/A
 Static Discharge         Conj/Air       #.......     28%         3    N/A
 Airstrike                Air            ##........   52%         4    N/A
 Lightning Bolt           Conj/Air       #.........   95%         5    N/A

Dungeon Overview and Level Annotations

Branches:
Dungeon (4/15)
 Temple: D:4-7

Altars:
Ashenzari

Shops:
D:4 *


Innate Abilities, Weirdness & Mutations

You do not eat or drink.
Your flesh is vulnerable to fire.
You are immune to poison.
Your flesh is cold resistant. (rC+)
You are immune to negative energy. (rN+++)
You are immune to unholy pain and torment.
You can survive without breathing.


Message History

Confirm with . or Enter, or press ? or * to list all spells.
Aiming: Shock (safe; 10% risk of failure)
Press: ? - help, Shift-Dir - straight line The zap hits the quokka.
You kill the quokka!
Unknown command.
A water moccasin skeleton comes into view.
Found a cyan potion.
A worker ant comes into view.
The water moccasin skeleton bites you but does no damage. x2
Found a cyan potion.
Casting: Shock (safe; 10% risk of failure)
Confirm with . or Enter, or press ? or * to list all spells.
Aiming: Shock (safe; 10% risk of failure)
Press: ? - help, Shift-Dir - straight line, f - water moccasin skeleton
Aim: a water moccasin skeleton The zap hits the water moccasin skeleton.
The water moccasin skeleton is lightly damaged.
The zap misses the quokka.
The zap hits the quokka.
The quokka is severely wounded.
The zap misses the water moccasin skeleton.
The water moccasin skeleton bites you.
The water moccasin skeleton bites you but does no damage.
Casting: Shock (safe; 10% risk of failure)
Confirm with . or Enter, or press ? or * to list all spells.
Aiming: Shock (safe; 10% risk of failure)
Press: ? - help, Shift-Dir - straight line, f/p - water moccasin skeleton
Aim: a water moccasin skeleton (lightly damaged)
You miscast Shock.
You are very lightly contaminated with residual magic.
Nothing appears to happen.
The water moccasin skeleton bites you.
* * * LOW HITPOINT WARNING * * *
Casting: Shock (safe; 10% risk of failure)
Confirm with . or Enter, or press ? or * to list all spells.
Aiming: Shock (safe; 10% risk of failure)
Press: ? - help, Shift-Dir - straight line, f/p - water moccasin skeleton
Aim: a water moccasin skeleton (lightly damaged)
The zap hits the water moccasin skeleton.
The water moccasin skeleton is lightly damaged.
The zap hits the quokka.
The quokka is severely wounded.
The zap hits the quokka.
You kill the quokka!
The zap hits the water moccasin skeleton.
The water moccasin skeleton is moderately damaged.
The water moccasin skeleton barely misses you.
Casting: Shock (safe; 10% risk of failure)
Confirm with . or Enter, or press ? or * to list all spells.
Aiming: Shock (safe; 10% risk of failure)
Press: ? - help, Shift-Dir - straight line, f/p - water moccasin skeleton
Aim: a water moccasin skeleton (moderately damaged)
The zap hits the water moccasin skeleton.
The water moccasin skeleton is moderately damaged.
The zap hits the water moccasin skeleton.
The water moccasin skeleton is moderately damaged.
The water moccasin skeleton bites you.
* * * LOW HITPOINT WARNING * * *
Casting: Shock (safe; 10% risk of failure)
Confirm with . or Enter, or press ? or * to list all spells.
You don't have enough magic to cast that spell.
You hit the water moccasin skeleton.
The water moccasin skeleton is moderately damaged.
The water moccasin skeleton bites you.
You die...

### #.. #.#!# #.#.#
#.#.# #.
#.#.###....
#..@.......
#.#Z#######
###.#†###### ##
#........!.a.
#...###.###########
#............#
#...###r###.## ##
#.# .# #.# #.#


You could see a water moccasin skeleton.

Vanquished Creatures
  A gnoll (D:1)
  An orc (D:3)
  3 goblins
  A hobgoblin (D:1)
  2 quokkas (D:4)
  2 frilled lizards
  A rat (D:2)
11 creatures vanquished.

Notes
Turn   | Place    | Note
-------+----------+-------------------------------------------
     0 | D:1      | Amnesiac the Mummy Air Elementalist began the quest for the Orb.
     0 | D:1      | Reached XP level 1. HP: 13/13 MP: 4/4
    31 | D:1      | Reached XP level 2. HP: 9/19 MP: 0/5
   371 | D:3      | Found a shattered altar of Ashenzari.
   445 | D:4      | Found Hioduwn's Assorted Antiques.
   474 | D:4      | Slain by a water moccasin skeleton

Skill      XL: |  1  2 |
---------------+-------+-----
Air Magic      | 3 |  3.0
Spellcasting   | 3 |  3.3
Dodging        | |  1.5
Stealth        | |  1.5
Conjurations   | |  0.7

Action                   || total
-------------------------++-------
Melee: Unarmed           ||    12
       Short sword       ||     1
 Cast: Shock             ||    21
Armor: Robe              ||     9
Dodge: Dodged            ||    22
